 Dungeon Crawl Stone Soup version 0.26-a0-67-g850bfe61e3 (webtiles) character file.

Game seed: 2803110286322083936

508 Error4North the Chopper (level 6, -14/56 HPs)
             Began as a Minotaur Gladiator on June 12, 2020.
             Demolished by an ogre
             ... wielding a +0 giant club
              (20 damage)
             ... on level 5 of the Dungeon.
             The game lasted 00:09:09 (3454 turns).

Error4North the Chopper (Minotaur Gladiator)        Turns: 3454, Time: 00:09:09

Health: -14/56     AC:  8    Str: 20    XL:     6   Next: 98%
Magic:  5/5        EV: 12    Int:  6    God:
Gold:   207        SH:  0    Dex: 13    Spells: 5/5 levels left

rFire    . . .     SeeInvis .   a - +0 war axe
rCold    + . .     Gourm    .   (no shield)
rNeg     . . .     Faith    .   i - +0 scale mail
rPois    .         Spirit   .   c - +0 hat
rElec    .         Reflect  .   (no cloak)
rCorr    .         Harm     .   (no gloves)
MR       .....                  (no boots)
Stlth    ..........             (no amulet)
HPRegen  0.18/turn              (no ring)
MPRegen  0.09/turn              (no ring)

@: lethally poisoned (-14 -> -16)
A: retaliatory headbutt, hooves 1, horns 2, yellow scales 1, cold resistance 1,
strong 1
a: no special abilities


You were on level 5 of the Dungeon.
You were not hungry.

You visited 1 branch of the dungeon, and saw 5 of its levels.

You collected 207 gold pieces.

Inventory:

Hand Weapons
 a - a +0 war axe (weapon)
Missiles
 d - 3 throwing nets (quivered)
Armour
 c - a +0 hat (worn)
 i - a +0 scale mail (worn)
Scrolls
 e - 3 scrolls of random uselessness {unknown}
 j - 3 scrolls of remove curse {unknown}
 k - 4 scrolls of identify {unknown}
 m - 2 scrolls of enchant armour {unknown}
 n - a scroll of fog {unknown}
 o - 5 scrolls of teleportation {unknown}
 t - 3 scrolls of noise {unknown}
Potions
 h - a potion of heal wounds
 l - 3 potions of degeneration {unknown}
 q - a potion of lignification {unknown}
 r - a potion of curing {unknown}
Comestibles
 f - 11 rations


   Skills:
 * Level 5.0 Fighting
 + Level 6.3 Axes
 + Level 2.0 Throwing
 * Level 3.5 Armour
 * Level 4.7 Dodging
 + Level 0.3 Stealth


You had 5 spell levels left.
You didn't know any spells.
Your spell library was empty.

Dungeon Overview and Level Annotations

Branches:
Dungeon (5/15)
 Temple: D:4-7

Altars:
Gozag
Wu Jian
Xom
The Shining One

Portals:
Sewer: D:5


Innate Abilities, Weirdness & Mutations

You reflexively headbutt those who attack you in melee.
You have a pair of horns on your head.
You have large cloven feet.
You are partially covered in yellow scales. (AC +2)
Your flesh is cold resistant. (rC+)
Your muscles are strong. (Str +2)


Message History

The ogre hits you but does no damage. The hound zombie barely misses you.
You furiously retaliate!
You headbutt the hound zombie!
It was a potion of mutation.
You feel extremely strange.
You feel stronger.
Yellow scales grow over part of your body.
Your feet thicken and deform.
You feel resistant to cold.
The orc priest calls down the wrath of Beogh upon you.
Beogh smites you! The adder misses you. The hound zombie completely misses you.
Unknown command.
You hit the adder.
You kill the adder!
You slash the orc!
You kill the orc!
You hit the orc. You hit the ogre. You barely miss the hound zombie.
The orc barely misses you.
The orc priest mumbles some strange prayers to Beogh against you.
Beogh smites you!
* * * LOW HITPOINT WARNING * * *
The ogre hits you with a +0 giant club!!
You die...

#......##'##
###... #.#######.#
#...
#.........####
#...
###.....<.....
#...
#.............
#.).
.##.W..........
#...
................
#...
.......oOo)......#
#....#..Z@.......#
#....#.##†##.....
#+####.#≈s≈#.....
#.#≈≈≈#.....
#.#≈∩≈#.....
#.#≈≈≈#..###
#.#≈≈≈#..#
#.#####..#


You could see a phantom, an ogre, an orc priest, an orc, a hound zombie and a
giant cockroach.

Vanquished Creatures
  An ogre (D:5)
  A bullfrog zombie (D:3)
  A centaur zombie (D:3)
  2 orc priests (D:4)
  2 orc wizards (D:4)
  A worker ant (D:3)
  A hound zombie (D:5)
  4 gnolls (D:4)
  7 adders
  An ooze (D:1)
  An adder zombie (D:5)
  An adder skeleton (D:4)
  3 worms
  2 dart slugs
  A leopard gecko (D:1)
  15 orcs
  9 bats
  A giant cockroach (D:1)
  5 goblins
  5 hobgoblins
  3 jackals (D:3)
  3 kobolds
  A quokka (D:2)
  2 ball pythons
  A ball python zombie (D:5)
  5 frilled lizards
  A quokka skeleton (D:4)
  4 rats
84 creatures vanquished.

Notes
Turn   | Place    | Note
-------+----------+-------------------------------------------
     0 | D:1      | Error4North the Minotaur Gladiator began the quest for the
                  | Orb.
     0 | D:1      | Reached XP level 1. HP: 18/18 MP: 0/0
   261 | D:1      | Reached XP level 2. HP: 25/25 MP: 1/1
   327 | D:1      | Reached skill level 1 in Armour
   583 | D:1      | Reached skill level 4 in Axes
   783 | D:2      | Reached XP level 3. HP: 27/30 MP: 2/2
   923 | D:2      | Found an ornate altar of the Wu Jian Council.
  1240 | D:3      | Reached XP level 4. HP: 26/37 MP: 3/3
  1366 | D:3      | Reached skill level 5 in Axes
  1417 | D:3      | Found a glowing golden altar of the Shining One.
  1719 | D:3      | Reached XP level 5. HP: 45/45 MP: 4/4
  1834 | D:3      | Found an opulent altar of Gozag.
  2747 | D:4      | Reached XP level 6. HP: 50/52 MP: 5/5
  2859 | D:4      | Reached skill level 6 in Axes
  2945 | D:4      | Found a shimmering altar of Xom.
  3293 | D:5      | Entered Level 5 of the Dungeon
  3340 | D:5      | Reached skill level 5 in Fighting
  3444 | D:5      | Found a glowing drain.
  3453 | D:5      | Gained mutation: Your muscles are strong. (Str +2) [potion
                  | of mutation]
  3453 | D:5      | Gained mutation: You are partially covered in yellow
                  | scales. (AC +2) [potion of mutation]
  3453 | D:5      | Gained mutation: You have large cloven feet. [potion of
                  | mutation]
  3453 | D:5      | Gained mutation: Your flesh is cold resistant. (rC+)
                  | [potion of mutation]
  3454 | D:5      | Demolished by an ogre

Illustrated notes

Levels and vault maps discovered:
D:1:      mrwooster_arrival_statue_3, layout_basic
D:2:      layout_rooms, nicolae_overflow_hidden_temple
D:3:      layout_loops_ring, nicolae_gozag_cash_rules_everything_around_me,
          overflow_temple_1_default, first_ration
D:4:      layout_loops_ring, kennysheep_mini_moat, kennysheep_nub
D:5:      layout_basic, temple_green, gup_sewer_entry_glass

Skill      XL: |  1  2  3  4  5  6 |
---------------+-------------------+-----
Armour         | 1 2 3 |  3.5
Axes           | 4 5 6 |  6.3
Dodging        | 4 |  4.7
Fighting       | 3 4 5 |  5.0
Throwing       | |  2.0
Stealth        | |  0.3

Action                   |  1- 3 |  4- 6 || total
-------------------------+-------+-------++-------
Melee: War axe           |    67 |   119 ||   186
       Headbutt          |     6 |    16 ||    22
  Use: Potion            |       |     4 ||     4
 Stab: Invisible         |       |     3 ||     3
  Eat: Chunk             |     1 |     7 ||     8
Armor: Leather armour    |     5 |       ||     5
       Scale mail        |    33 |    45 ||    78
Dodge: Dodged            |    45 |   105 ||   150

Table legend:
 A = Non-vault XP
 B = Vault XP
 C = Vault XP percentage of total XP
 D = Non-vault monster count
 E = Vault monster count
 F = Vault count percentage of total count
                 A         B        C        D         E       F
            +---------+---------+-------+---------+---------+-------
      Total |     713 |      13 |   1.8 |      83 |       1 |   1.2
            +---------+---------+-------+---------+---------+-------
        D:1 |      37 |       0 |   0.0 |      17 |       0 |   0.0
        D:2 |      44 |       0 |   0.0 |      13 |       0 |   0.0
        D:3 |     184 |       0 |   0.0 |      25 |       0 |   0.0
        D:4 |     280 |       0 |   0.0 |      21 |       0 |   0.0
        D:5 |     168 |      13 |   7.2 |       7 |       1 |  12.5
            +---------+---------+-------+---------+---------+-------
